 Dungeon Crawl Stone Soup version 0.30-a0-465-g8901f6c8b5 (webtiles) character file.

Game seed: 8726160698015704781

3184879 Angani the Merry Draconian (level 27, 253/253 (254) HPs)
             Began as a Red Draconian Hexslinger on Dec 17, 2022.
             Was a Follower of Uskayaw.
             Escaped with the Orb
             ... and 5 runes on Dec 18, 2022!
             The game lasted 05:01:31 (71635 turns).

Angani the Merry Draconian (DrHs)                  Turns: 71635, Time: 05:01:32

HP:   253/253 (254) AC: 18    Str: 20    XL:     27
MP:   35/35         EV: 43    Int: 10    God:    Uskayaw [*.....]
Gold: 6627          SH: 21    Dex: 31    Spells: 38/50 levels left

rFire   + + +      SeeInvis +    a - +4 hand crossbow of Paper {penet, Str+7 Int-3}
rCold   + + +      Faith    .    Y - +2 shield of Resistance {rF++ rC++ Will++}
rNeg    + + .      Spirit   .    (body armour unavailable)
rPois   +          Reflect  .    (helmet restricted)
rElec   +          Harm     .    E - +1 cloak of the Leaping Gods {rPois Dex+4}
rCorr   +          Rampage  .    K - +0 pair of gloves of Resilience {Dex+3 SInv}
Will    +++++                    J - +1 pair of boots of Pleasant Breezes {rN+ Regen+ Int-2}
Stlth   ++........               N - amulet "Vorer" {rElec Regen+ rCorr Stlth+}
HPRegen 2.22/turn                U - ring of Jan Axof {rC+ rN+ Will+}
MPRegen 0.24/turn                T - ring of the Hare {EV+8}

@: flying, studying Translocations, lightly drained
A: breathe fire, AC +13, unfitting armour, fire resistance 1, cold-blooded, big
wings, horns 1, stinger 1, low MP 1
0: Orb of Zot
}: 5/15 runes: serpentine, barnacled, slimy, silver, abyssal
a: Breathe Fire, Renounce Religion, Stomp


You escaped.
You worshipped Uskayaw.
Uskayaw was greatly pleased with you.
You visited 12 branches of the dungeon, and saw 56 of its levels.
You visited the Abyss 1 time.
You also visited: Ossuary, Gauntlet, Ice Cave, Wizlab and Desolation.

You collected 10521 gold pieces.
You spent 3894 gold pieces at shops.

Inventory:

Hand Weapons
 a - the +4 hand crossbow of Paper (weapon) {penet, Str+7 Int-3}
   (You acquired it on level 5 of the Pits of Slime)

   Any ammunition fired by it passes through the targets it hits, potentially
   hitting all targets in its path until it reaches maximum range.
   Str:       It affects your strength (+7).
   Int:       It affects your intelligence (-3).
 b - the +18 lance "Wyrmbane" {slay drac, rPois rF+ rC+ AC+3}
   (You took it off an imperial myrmidon in the Desolation of Salt)

   It inflicts extra damage against dragons and draconians.
   AC:        It affects your AC (+3).
   rF:        It protects you from fire.
   rC:        It protects you from cold.
   rPois:     It protects you from poison.
Missiles
 W - 7 throwing nets
Armour
 E - the +1 cloak of the Leaping Gods (worn) {rPois Dex+4}
   (You found it in the Desolation of Salt)

   Dex:       It affects your dexterity (+4).
   rPois:     It protects you from poison.
 J - the +1 pair of boots of Pleasant Breezes (worn) {rN+ Regen+ Int-2}
   (You found it on level 8 of the Dungeon)

   Int:       It affects your intelligence (-2).
   rN:        It protects you from negative energy.
   Regen:     It increases your rate of health regeneration.
 K - the +0 pair of gloves of Resilience (worn) {Dex+3 SInv}
   (You found it on level 3 of the Elven Halls)

   Dex:       It affects your dexterity (+3).
   SInv:      It lets you see invisible.
 Y - the +2 shield of Resistance (worn) {rF++ rC++ Will++}
   (You found it on level 2 of the Depths)

   rF:        It greatly protects you from fire.
   rC:        It greatly protects you from cold.
   Will:      It greatly increases your willpower.
Jewellery
 j - a ring of ice
 C - a +4 ring of evasion
 N - the amulet "Vorer" (around neck) {rElec Regen+ rCorr Stlth+}
   (You found it on level 3 of the Elven Halls)

   [amulet of regeneration]

   rElec:     It insulates you from electricity.
   Regen:     It increases your rate of health regeneration.
   rCorr:     It protects you from acid and corrosion.
   Stlth:     It makes you more stealthy.
 T - the ring of the Hare (right hand) {EV+8}
   (You found it on level 5 of the Pits of Slime)

   [ring of evasion]

   EV:        It affects your evasion (+8).
 U - the ring of Jan Axof (left hand) {rC+ rN+ Will+}
   (You found it on level 1 of the Shoals)

   [ring of willpower]

   rC:        It protects you from cold.
   rN:        It protects you from negative energy.
   Will:      It increases your willpower.
 Z - the ring "Ovof" {Fly Dex+6}
   (You found it in the Desolation of Salt)

   [ring of flight]

   Dex:       It affects your dexterity (+6).
   Fly:       It grants you flight.
Wands
 l - a wand of digging (9)
 r - a wand of charming (32)
 y - a wand of flame (88)
 B - a wand of mindburst (32)
 I - a wand of polymorph (60)
 O - a wand of acid (3)
 Q - a wand of roots (38)
Scrolls
 e - 11 scrolls of fog
 g - 12 scrolls of poison
 h - 11 scrolls of vulnerability
 i - 8 scrolls of amnesia
 k - 8 scrolls of immolation
 p - 23 scrolls of teleportation
 t - 4 scrolls of magic mapping
 D - 12 scrolls of torment
 F - 7 scrolls of butterflies
 M - 2 scrolls of brand weapon
 P - 4 scrolls of enchant armour
 R - 11 scrolls of fear
 V - 8 scrolls of silence
Potions
 c - 9 potions of brilliance
 d - a potion of ambrosia
 f - a potion of resistance
 m - 18 potions of lignification
 n - 6 potions of berserk rage
 o - 2 potions of magic
 q - 7 potions of cancellation
 s - 6 potions of mutation
 u - 22 potions of curing
 v - 12 potions of might
 w - 16 potions of attraction
 x - 10 potions of flight
 z - 12 potions of haste
 A - 12 potions of heal wounds
 L - 3 potions of invisibility
Miscellaneous
 H - a condenser vane


   Skills:
 + Level 22.0 Fighting
 - Level 12.0 Polearms
 O Level 27 Ranged Weapons
 - Level 20.0 Dodging
 - Level 4.7 Stealth
 - Level 20.0 Shields
 - Level 12.0 Spellcasting
 - Level 3.2 Hexes
 - Level 11.6 Necromancy
 - Level 2.5 Translocations
 - Level 7.4 Transmutations
 - Level 11.6 Earth Magic
 - Level 20.0 Invocations


You had 38 spell levels left.
You knew the following spells:

 Your Spells              Type           Power      Damage    Failure   Level
a - Slow                  Hex            48%        N/A       4%          1
b - Apportation           Tloc           22%        N/A       5%          1
c - Wereblood             Tmut           20%        N/A       1%          2
d - Borgnjor's Vile Clut  Necr/Erth      14%        N/A       3%          5
e - Portal Projectile     Hex/Tloc       22%        N/A       14%         3

Your spell library contained the following spells:

 Spells                   Type           Power      Damage    Failure   Level
 Beastly Appendage        Tmut           40%        N/A       1%          1
 Kiss of Death            Conj/Necr      68%        2d10      1%          1
 Necrotise                Necr           100%       1d9       1%          1
 Sandblast                Erth           58%        2d13      1%          1
 Passwall                 Tmut/Erth      20%        N/A       1%          2
 Sublimation of Blood     Necr           29%        N/A       1%          2
 Vampiric Draining        Necr           29%        2d8       1%          3
 Animate Dead             Necr           29%        N/A       1%          4
 Dispel Undead            Necr           29%        3d13      1%          4
 Sting                    Tmut/Pois      52%        1d5       3%          1
 Petrify                  Tmut/Erth      25%        N/A       3%          4
 Lee's Rapid Deconstruct  Erth           14%        3d9*      3%          5
 Cigotuvi's Dreadful Rot  Necr/Pois/Air  26%        N/A       4%          2
 Stone Arrow              Conj/Erth      34%        3d9       4%          3
 Anguish                  Hex/Necr       10%        N/A       8%          4
 Blink                    Tloc           22%        N/A       9%          2
 Spider Form              Tmut/Pois      13%        N/A       10%         3
 Confusing Touch          Hex            12%        N/A       12%         3
 Tukima's Dance           Hex            12%        N/A       12%         3
 Momentum Strike          Conj/Tloc      16%        3d8       14%         2
 Freeze                   Ice            24%        1d4       16%         1
 Magic Dart               Conj           24%        1d4       16%         1
 Summon Small Mammal      Summ           24%        N/A       16%         1
 Gell's Gravitas          Tloc           11%        N/A       16%         3
 Lesser Beckoning         Tloc           22%        N/A       16%         3
 Teleport Other           Tloc           11%        N/A       16%         3
 Ignite Poison            Fire/Tmut/Pois 10%        N/A       17%         3
 Blade Hands              Tmut           10%        N/A       21%         5
 Death Channel            Necr           14%        N/A       21%         6
 Call Imp                 Summ           6%         N/A       22%         2
 Poisonous Vapours        Pois/Air       12%        N/A       22%         2
 Scorch                   Fire           12%        2d5       22%         2
 Searing Ray              Conj           12%        2d4       22%         2
 Static Discharge         Conj/Air       12%        2-3/arc   22%         2
 Inner Flame              Hex/Fire       9%         N/A       24%         3
 Summon Guardian Golem    Hex/Summ       9%         N/A       24%         3
 Vhi's Electric Charge    Tloc/Air       16%        N/A       26%         3
 Kindle Blastsparks       Fire/Tloc/Air  14%        2d11      32%         3
 Ice Form                 Ice/Tmut       13%        N/A       32%         4
 Cause Fear               Hex            6%         N/A       38%         4
 Frozen Ramparts          Ice            12%        1d2       41%         3
 Hailstorm                Conj/Ice       6%         3d4       41%         3
 Mephitic Cloud           Conj/Pois/Air  6%         N/A       41%         3
 Swiftness                Air            6%         N/A       41%         3
 Yara's Violent Unravell  Hex/Tmut       8%         3d5       43%         5
 Statue Form              Tmut/Erth      16%        N/A       43%         6
 Manifold Assault         Tloc           11%        N/A       47%         4
 Passage of Golubria      Tloc           11%        N/A       47%         4
 Fulminant Prism          Conj/Hex       4%         3d5       61%         4
 Iskenderun's Mystic Bla  Conj/Tloc      8%         2d4       65%         4
 Irradiate                Conj/Tmut      6%         3d13      67%         5
 Airstrike                Air            3%         2d(1-17)  83%         4
 Flame Wave               Conj/Fire      6%         2d5       83%         4
 Olgreb's Toxic Radiance  Pois           6%         N/A       83%         4
 Sticky Flame             Conj/Fire      6%         2d3       83%         4
 Summon Ice Beast         Ice/Summ       6%         N/A       83%         4
 Summon Lightning Spire   Summ/Air       6%         N/A       83%         4
 Metabolic Englaciation   Hex/Ice        4%         N/A       91%         5
 Summon Mana Viper        Hex/Summ       9%         N/A       91%         5
 Iron Shot                Conj/Erth      8%         9d3       91%         6
 Simulacrum               Ice/Necr       8%         N/A       91%         6
 Summon Forest            Summ/Tloc      4%         N/A       94%         5
 Arcjolt                  Conj/Air       3%         1d13      99%         5
 Freezing Cloud           Conj/Ice/Air   3%         6-21      99%         5
 Iskenderun's Battlesphe  Conj           6%         2d6       99%         5
 Lightning Bolt           Conj/Air       3%         1d14      99%         5
 Conjure Ball Lightning   Conj/Air       3%         3x3d7     100%        6
 Summon Cactus Giant      Summ           3%         N/A       100%        6
 Enfeeble                 Hex            6%         N/A       100%        7
 Haunt                    Necr/Summ      8%         N/A       100%        7
 Malign Gateway           Summ/Tloc      4%         N/A       100%        7
 Monstrous Menagerie      Summ           3%         N/A       100%        7
 Orb of Destruction       Conj           3%         9d5       100%        7
 Ozocubu's Refrigeration  Ice            3%         4d8       100%        7
 Spellforged Servitor     Conj/Summ      3%         N/A       100%        7
 Storm Form               Tmut/Air       6%         N/A       100%        7
 Summon Hydra             Summ           3%         N/A       100%        7
 Discord                  Hex            6%         N/A       100%        8
 Disjunction              Tloc           5%         N/A       100%        8
 Ignition                 Fire           3%         3d4       100%        8
 Infestation              Necr           14%        N/A       100%        8
 Lehudib's Crystal Spear  Conj/Erth      8%         10d4      100%        8
 Maxwell's Capacitive Co  Air            3%         ∞         100%        8
 Necromutation            Tmut/Necr      12%        N/A       100%        8
 Summon Horrible Things   Summ           3%         N/A       100%        8
 Chain Lightning          Conj/Air       3%         3d4       100%        9
 Dragon's Call            Summ           3%         N/A       100%        9
 Polar Vortex             Ice            3%         N/A       100%        9
 Animate Armour           Summ/Erth      Unusable   N/A       N/A         4

Dungeon Overview and Level Annotations

Branches:
Dungeon (15/15)            Temple (1/1) D:7            Lair (5/5) D:8
 Shoals (4/4) Lair:3        Snake (4/4) Lair:2        Slime (5/5) Lair:5
    Orc (2/2) D:9             Elf (3/3) Orc:2        Vaults (5/5) D:13
  Crypt (3/3) Vaults:3       Tomb (0/3) Crypt:3      Depths (4/4) D:15
    Zot (5/5) Depths:4    Ossuary (visited)           IceCv (visited)
 WizLab (visited)         Desolation (visited)      Gauntlet (visited)

Altars:
Ashenzari
Cheibriados
Dithmenos
Elyvilon
Fedhas
Gozag
Hepliaklqana
Kikubaaqudgha
Makhleb
Nemelex Xobeh
Okawaru
Qazlal
Ru
Sif Muna
Trog
Uskayaw
Vehumet
Wu Jian
Xom
Yredelemnul
Zin
The Shining One

Shops:
D:3 ?[?:   D:5 **(=   D:8 [   D:9 [   D:13 (   Orc:2 [:(   Elf:3 [   Shoals:1 [
Shoals:2 (   Vaults:1 [   Vaults:4 [   Vaults:5 ?*   Depths:1 *

Portals:
Hell: Depths:1 Depths:2 Depths:3 Depths:4
Abyss: Depths:1 Depths:3
Pandemonium: Depths:2
Ziggurat: Depths:4

Annotations:
D:7 2 transporters, MackTheKnife's ghost, novice NaFi
D:11 3 runed translucent doors, ma3's ghost, journeyman DjHW
Shoals:2 2 transporters, Zeitzeh's ghost, adept GnFi
Snake:1 3 runed translucent doors, Liforeniyw's ghost, adept MiBe
Elf:2 3 runed translucent doors, exclusion: 3 doors
Vaults:2 2 transporters, ma3's ghost, adept DjHW
Depths:1 2 runed translucent doors
Depths:2 2 runed translucent doors, exclusions: 2 doors and 2 more exclusions
Depths:3 2 transporters, exclusion: 2 doors


Innate Abilities, Weirdness & Mutations

You can breathe blasts of fire.
Your fiery red scales are hard. (AC +13)
You cannot fit into any form of body armour.
Your flesh is heat resistant. (rF+)
You are cold-blooded and may be slowed by cold attacks.
Your large and strong wings let you fly.
You have a pair of small horns on your head.
Your tail ends in a venomous barb.
Your magical capacity is low. (-10% MP)


Message History

You shoot a bolt.
The bolt pierces through the Hell Sentinel!!!
The Hell Sentinel is severely wounded.
You can now pass through a line of other dancers.
You shoot a bolt.
The bolt pierces through the Hell Sentinel but does no damage.
The Hell Sentinel is severely wounded.
You shoot a bolt.
The bolt pierces through the Hell Sentinel!!
The Hell Sentinel is almost dead.
The Hell Sentinel gestures at you. The iron shot misses you.
You shoot a bolt.
The bolt pierces through the Hell Sentinel!!!
You kill the Hell Sentinel!
Your Fighting skill increases to level 22!
No target in view!
HP restored.
There is an open door here.
There is a staircase leading out of the dungeon here.
Okay, then.
Unknown command.
Unknown command.
Okay, then.
You start removing your amulet.
You continue taking off the amulet "Vorer" {rElec Regen+ rCorr Stlth+}. x4
You finish taking off the amulet "Vorer" {rElec Regen+ rCorr Stlth+}.
Unknown command.
Unknown command.
You can't wield jewellery.
Okay, then.
Unknown command.
You start putting on your amulet.
You continue putting on the amulet "Vorer" {rElec Regen+ rCorr Stlth+}. x5
You finish putting on the amulet "Vorer" {rElec Regen+ rCorr Stlth+}.
The amulet "Vorer" throbs as it attunes itself to your uninjured body.
N - the amulet "Vorer" (around neck) {rElec Regen+ rCorr Stlth+} Unknown command.
Unknown command.
You have escaped!

..#.#.....)..#########
#######
###.###.........##
#......
........#.#####..#
#...... ######....#
##.# #...... ###.##
#.# ### #...... ##.###
#.# ###.# #......
##..####'####(.##
#......
###..')..'..###
#...... ####.@.####
#......
###..'...'..###
#######
##..####'####..##
#.### #.# ###.## ###
#.# ##.# ### ###


There were no monsters in sight!

Vanquished Creatures
  the Royal Jelly (Slime:5)
  A pandemonium lord (D:8)
  4 dread liches
  11 ancient liches
  2 orbs of fire (Zot:5)
  A royal mummy (Crypt:3)
  Josephina (Zot:4)
  3 Killer Klowns (Zot:5)
  Frederick (Depths:3)
  Margery (Depths:3)
  5 caustic shrikes
  Saint Roka (Vaults:5)
  7 curse toes
  22 golden dragons
  A Tzitzimitl (D:8)
  4 electric golems
  A Brimstone Fiend (D:8)
  25 tentacled monstrosities
  2 walking crystal tomes
  A hellephant (Zot:4)
  29 Orb Guardians
  2 Hell Sentinels
  2 titans (Vaults:5)
  A moon troll (WizLab)
  5 liches
  A walking earthen tome (Depths:1)
  12 quicksilver dragons
  20 acid blobs
  2 deep elf master archers (Elf:3)
  A walking divine tome (Depths:3)
  A quicksilver dragon (shapeshifter) (Vaults:5)
  An ancient champion (Crypt:1)
  5 deep elf blademasters (Elf:3)
  3 Executioners
  11 death cobs
  Kirke (Shoals:4)
  7 tengu reavers
  7 sphinxes
  3 revenants
  A kraken (Shoals:1)
  12 tentacled starspawn
  7 draconian monks
  15 rockslimes
  Frances (Lair:3)
  10 shadow dragons
  19 storm dragons
  13 azure jellies
  Ilsuiw (Shoals:2)
  7 draconian knights
  15 frost giants
  7 nagarajas
  14 fire giants
  3 balrugs
  2 imperial myrmidons (Desolation)
  10 draconian scorchers
  16 vault wardens
  A deep elf elementalist (Elf:3)
  An iron dragon (Depths:1)
  11 deep elf sorcerers
  A juggernaut zombie (Crypt:3)
  2 ghost moths
  6 cacodemons
  6 draconian shifters
  10 war gargoyles
  2 spriggan defenders (Depths:3)
  6 draconian annihilators
  4 curse skulls
  22 very ugly things
  9 ghouls
  5 reapers
  17 ironbound preservers
  4 draconian stormcallers
  7 deep elf demonologists
  24 stone giants
  12 quicksilver oozes
  11 vampire knights
  4 ironbound thunderhulks
  8 black draconians
  6 deep elf annihilators
  12 green draconians
  Azrael (D:12)
  3 halazid warlocks (Desolation)
  3 minotaurs
  3 dire elephants (Vaults:1)
  Nessos (D:14)
  13 white draconians
  13 red draconians
  14 purple draconians
  13 yellow draconians
  10 spark wasps
  2 pale draconians (Depths:4)
  14 ettins
  9 deep elf death magi
  18 eidola
  A crystal guardian (Desolation)
  A green death (Depths:1)
  9 merfolk impalers
  10 fire dragons
  5 deep elf high priests
  17 yaktaur captains
  7 ragged hierophants (Desolation)
  41 vault guards
  2 entropy weavers
  Fannar (Orc:1)
  15 jiangshi
  7 servants of whispers (Desolation)
  2 spriggan zombies
  4 spriggan air magi
  17 great orbs of eyes
  8 rakshasas
  A fenstrider witch zombie (Crypt:3)
  A hydra (shapeshifter) (Depths:3)
  9 ice dragons
  Erica (D:9)
  11 peacekeepers (Desolation)
  14 centaur warriors
  5 hydras
  10 anacondas
  6 spriggan skeletons
  Erolcha (Orc:1)
  3 salamander tyrants
  7 ironbound frosthearts
  3 ogre magi (Vaults:5)
  5 merfolk avatars
  An anaconda (shapeshifter) (Elf:3)
  4 tengu warriors
  11 satyrs
  7 boulder beetles
  19 dancing weapons
  5 death knights
  10 two-headed ogres
  An alligator snapping turtle (Shoals:3)
  9 vampire magi
  5 hell hogs
  4 deep troll shamans
  A spectral human (Crypt:1)
  13 shock serpents
  14 naga warriors
  2 orc high priests
  11 naga sharpshooters
  13 deep troll earth magi
  17 spriggans
  5 spriggan berserkers
  4 thrashing horrors (Abyss:3)
  3 titan zombies
  19 deep elf knights
  14 soul eaters
  19 hell knights
  6 sun demons
  4 wretched stars
  Nergalle (D:12)
  3 bunyip zombies (Crypt:3)
  A salamander mystic (Snake:3)
  4 sixfirhies
  9 iron trolls
  18 skeletal warriors
  A shadow wraith (Abyss:3)
  78 deep trolls
  2 orange crystal statues
  11 sea snakes
  19 deep elf archers
  10 glowing orange brains
  2 shadow demons
  A death drake (shapeshifter) (Elf:1)
  7 wizards
  2 bog bodies (Crypt:2)
  7 naga ritualists
  An obsidian statue (Zot:5)
  A storm dragon skeleton (Crypt:3)
  37 large abominations
  23 necromancers
  A harpy (shapeshifter) (Elf:3)
  38 deep elf zephyrmancers
  11 orc knights
  A bunyip skeleton (Crypt:3)
  9 phantasmal warriors
  8 flayed ghosts
  2 iron giant skeletons
  19 ironbound convokers
  13 lindwurms
  34 deep elf pyromancers
  5 shining eyes
  4 wolf spiders (Crypt:3)
  24 harpies
  4 mana vipers
  28 ugly things
  A worldbinder (Gauntlet)
  2 orc sorcerers
  An oklob plant (Lair:4)
  21 salamanders
  9 cyclopes
  20 fauns
  A toenail golem (Abyss:1)
  A shadow dragon skeleton (Vaults:3)
  3 elephants (Lair:4)
  41 moths of wrath
  An eleionoma skeleton (Crypt:1)
  11 manticores
  14 guardian serpents
  3 water nymphs
  A rust devil (D:8)
  3 ice statues (IceCv)
  A black mamba (shapeshifter) (Vaults:5)
  3 centaur zombies (Crypt:3)
  9 merfolk sirens
  A fire giant skeleton (Crypt:2)
  41 black mambas
  An alligator snapping turtle zombie (Crypt:3)
  8 eyes of devastation
  3 apocalypse crabs
  7 naga magi
  3 centaur skeletons
  2 molten gargoyles (Desolation)
  5 cane toads
  2 storm dragon simulacra
  5 unseen horrors
  A gargoyle (D:8)
  16 vault sentinels
  6 orange demons
  2 kobold demonologists (D:13)
  A naga skeleton (Crypt:3)
  10 smoke demons
  A catoblepas zombie (Crypt:1)
  Psyche (D:9)
  3 tengu conjurers
  2 efreet
  A steelbarb worm zombie (Crypt:2)
  3 human zombies
  A black draconian zombie (Crypt:1)
  7 komodo dragons
  35 yaktaurs
  A rime drake (Lair:5)
  2 harpy zombies
  14 hellwings
  14 freezing wraiths
  A ghost moth simulacrum (Zot:4)
  A merfolk (shapeshifter) (Depths:3)
  A golden dragon simulacrum (Zot:4)
  2 red devils
  A yaktaur skeleton (Vaults:2)
  An ancient zyme (Abyss:2)
  13 trolls
  10 polar bears
  A guardian mummy (Crypt:3)
  13 hornets
  A harpy skeleton (Crypt:1)
  2 spectral guardian serpents (Crypt:1)
  A tarantella (Vaults:1)
  A tarantella (shapeshifter) (D:14)
  23 merfolk
  87 slime creatures
  5 wind drakes
  9 snapping turtles
  19 dream sheep
  62 saltlings (Desolation)
  12 raiju
  An ice dragon zombie (Crypt:1)
  5 blink frogs (Lair:4)
  2 ettin zombies
  A culicivora zombie (Crypt:2)
  A human simulacrum (Crypt:1)
  A spriggan (shapeshifter) (Vaults:5)
  2 ynoxinuls
  8 flying skulls
  3 water elementals
  2 ettin skeletons
  7 air elementals
  5 starcursed masses (WizLab)
  A vampire (D:9)
  2 dire elephant simulacra (IceCv)
  4 jumping spiders
  A shadow (D:12)
  4 wyverns
  A slime creature zombie (Crypt:1)
  9 wraiths
  9 golden eyes
  3 hogs
  53 yaks
  Grum (D:8)
  2 ushabtiu (Crypt:3)
  5 basilisks
  5 fire elementals
  8 humans (D:13)
  A hog (shapeshifter) (Elf:3)
  3 redbacks
  A chaos spawn (Depths:2)
  6 steam dragons
  A death yak simulacrum (IceCv)
  7 vampire mosquitoes
  6 neqoxecs
  28 nagas
  A glowing shapeshifter zombie (Vaults:2)
  A yaktaur simulacrum (Vaults:3)
  3 acid dragons (Depths:4)
  5 wargs
  4 hell hounds (D:12)
  50 orc warriors
  18 water moccasins
  A moth of wrath simulacrum (Zot:4)
  A glowing shapeshifter skeleton (Crypt:2)
  4 floating eyes
  2 sky beasts
  12 black bears
  12 ogres
  7 boggarts
  An elephant skeleton (Crypt:2)
  35 wolves
  6 centaurs
  A swamp dragon skeleton (Crypt:1)
  A phantom (D:3)
  4 kobold brigands
  A gnoll sergeant (D:9)
  16 bullfrogs
  3 cane toad simulacra
  2 necrophages
  An earth elemental (Elf:2)
  A komodo dragon skeleton (Crypt:2)
  3 scorpions
  21 small abominations
  6 wyvern skeletons (Crypt:3)
  A raiju zombie (Crypt:1)
  11 killer bees
  5 howler monkeys
  A swamp dragon simulacrum (Crypt:1)
  An electric eel (D:11)
  A wolf skeleton (Crypt:2)
  A quasit (Abyss:3)
  A jelly (D:6)
  A gnoll bouda (D:7)
  11 orc priests
  3 hounds
  Terence (D:3)
  7 iguanas
  17 orc wizards
  4 yak simulacra (D:12)
  A spriggan simulacrum (Orc:2)
  A hell rat (Lair:5)
  3 polar bear simulacra
  2 troll simulacra (Orc:2)
  4 lightning spires (Elf:2)
  7 wolf simulacra
  An ogre zombie (Crypt:2)
  8 mummies (Ossuary)
  8 adders
  16 gnolls
  2 naga simulacra
  A steam dragon skeleton (Crypt:2)
  3 shadow imps
  2 white imps
  5 ufetubi
  A lava snake zombie (Crypt:1)
  A worm (D:2)
  6 dart slugs
  86 orcs
  4 bats
  4 endoplasms
  6 giant cockroaches
  10 hobgoblins
  10 jackals (D:1)
  20 kobolds
  3 quokkas
  7 ball pythons
  A ball python zombie (Crypt:1)
  A frilled lizard (D:1)
  A frilled lizard zombie (Crypt:1)
  A gnoll skeleton (Crypt:1)
  2 gnoll zombies (Ossuary)
  4 goblins
  4 kobold zombies (Ossuary)
  An orc zombie (Ossuary)
  6 rats
  3 river rat simulacra (D:12)
  A ball lightning (Elf:2)
  A bush (Shoals:2)
  23 starspawn tentacles
2924 creatures vanquished.

Vanquished Creatures (collateral kills)
  2 killer bees (D:7)
  An orc (D:8)
3 creatures vanquished.

Vanquished Creatures (others)
  2 fire giants (Zot:1)
  A deep elf elementalist (Elf:3)
  A very ugly thing (Depths:1)
  An orc high priest (Elf:3)
  An orc knight (Vaults:5)
  2 deep elf zephyrmancers (Elf:3)
  A deep elf pyromancer (Elf:1)
  A moth of wrath (Zot:3)
  2 saltlings (Desolation)
  A water elemental (Elf:3)
  A fire elemental (Elf:3)
  3 humans (Shoals:4)
  A wolf (D:8)
  A killer bee (D:7)
  An endoplasm (D:4)
  A gnoll zombie (Ossuary)
  2 ball lightnings (Elf:2)
  A bush (Lair:5)
  A demonic plant (WizLab)
  39 fungi
  84 plants
  14 starspawn tentacles
  2 tentacles (Shoals:1)
  28 withered plants (Crypt:3)
192 creatures vanquished.

Grand Total: 3119 creatures vanquished

Notes
Turn   | Place    | Note
-------+----------+-------------------------------------------
     0 | D:1      | Angani the Draconian Hexslinger began the quest for the
                  | Orb.
     0 | D:1      | Reached XP level 1. HP: 16/16 MP: 2/2
    33 | D:1      | Reached skill level 2 in Ranged Weapons
    58 | D:1      | Learned a level 1 spell: Apportation
    74 | D:1      | Reached XP level 2. HP: 23/23 MP: 3/3
   206 | D:1      | Reached skill level 3 in Ranged Weapons
   418 | D:1      | Reached XP level 3. HP: 28/28 MP: 4/4
  1085 | D:2      | Reached XP level 4. HP: 35/35 MP: 5/5
  1128 | D:2      | Reached skill level 4 in Ranged Weapons
  1468 | D:3      | Found Kosecs's Magic Scroll Emporium.
  1485 | D:3      | Bought a scroll of identify for 28 gold pieces
  1485 | D:3      | Bought a scroll of identify for 28 gold pieces
  1485 | D:3      | Bought a scroll of teleportation for 42 gold pieces
  1676 | D:3      | Found Ruur's Armour Shop.
  1683 | D:3      | Found Rurel's Magic Scroll Boutique.
  1683 | D:3      | Noticed a phantom
  1705 | D:3      | Killed a phantom
  1706 | D:3      | Reached skill level 5 in Ranged Weapons
  1706 | D:3      | Reached XP level 5. HP: 30/40 MP: 6/6
  1751 | D:3      | Bought a scroll of identify for 26 gold pieces
  1751 | D:3      | Bought a scroll of identify for 26 gold pieces
  1821 | D:3      | Found Engy's Magic Scroll Shoppe.
  1942 | D:3      | Bought a scroll of identify for 22 gold pieces
  1992 | D:3      | Noticed Terence
  2021 | D:3      | Killed Terence
  2146 | D:3      | Found Xuuses's Book Emporium.
  2486 | D:3      | Bought a scroll of identify for 22 gold pieces
  2631 | D:4      | Reached XP level 6. HP: 47/47 MP: 7/7
  2719 | D:4      | Reached skill level 6 in Ranged Weapons
  2748 | D:4      | Found a sand-covered staircase.
  2853 | Ossuary  | Entered an ossuary
  3594 | D:4      | Reached skill level 7 in Ranged Weapons
  3594 | D:4      | Your scales start taking on a fiery red colour.
  3594 | D:4      | Reached XP level 7. HP: 18/52 MP: 8/8
  3594 | D:4      | Gained mutation: Your flesh is heat resistant. (rF+) [Red
                  | Draconian growth]
  4203 | D:4      | You fall into a shaft and drop 2 floors!
  4276 | D:5      | Entered Level 5 of the Dungeon
  4754 | D:5      | Found a shimmering altar of Xom.
  4951 | D:5      | Found an ornate altar of the Wu Jian Council.
  5093 | D:4      | Reached skill level 8 in Ranged Weapons
  5192 | D:5      | Found Yqargh Ytzi's Jewellery Emporium.
  5196 | D:5      | Found Oxuluob's Assorted Antiques.
  5197 | D:5      | Found Epimea's General Store.
  5201 | D:5      | Found Mioppap's Antique Weapon Emporium.
  5439 | D:5      | Found a burning altar of Makhleb.
  5448 | D:5      | Found a radiant altar of Vehumet.
  5706 | D:6      | Reached XP level 8. HP: 49/59 MP: 9/9
  5849 | D:5      | Reached skill level 9 in Ranged Weapons
  6164 | D:6      | Found the +4 robe of Augmentation {Str+4 Int+4 Dex+4}
  6177 | D:6      | Reached skill level 10 in Ranged Weapons
  6545 | D:7      | Noticed MackTheKnife's ghost (novice NaFi)
  6547 | D:7      | Found a bloodstained altar of Trog.
  6548 | D:7      | Noticed a moth of wrath
  6551 | D:7      | Found a transporter.
  6555 | D:7      | Found a transporter.
  6665 | D:7      | Reached XP level 9. HP: 45/64 MP: 10/10
  6669 | D:7      | Reached skill level 11 in Ranged Weapons
  6937 | D:7      | Found a staircase to the Ecumenical Temple.
  6951 | Temple   | Entered the Ecumenical Temple
  7144 | Temple   | Became a worshipper of Uskayaw the Reveller
  7180 | Temple   | Reached * piety under Uskayaw
  7186 | Temple   | Reached ** piety under Uskayaw
  7702 | D:8      | Noticed a two-headed ogre
  7717 | D:8      | HP: 3/64 [two-headed ogre/+0 giant spiked club (26)]
  7718 | D:8      | Killed a two-headed ogre
  7719 | D:8      | Reached skill level 12 in Ranged Weapons
  7944 | D:8      | Reached *** piety under Uskayaw
  7945 | D:8      | Noticed a gargoyle
  8102 | D:8      | Killed a gargoyle
  8103 | D:8      | Reached skill level 13 in Ranged Weapons
  8209 | D:8      | Reached **** piety under Uskayaw
  8216 | D:8      | Noticed Grum
  8217 | D:8      | Reached XP level 10. HP: 43/71 MP: 11/11
  8229 | D:8      | Killed Grum
  8419 | D:8      | Found a staircase to the Lair.
  8441 | D:8      | Identified the +1 pair of boots of Pleasant Breezes {rN+
                  | Regen+ Int-2}
  8521 | D:8      | Found Rammanu's Dragon-Slaying Spoils.
  8714 | D:3      | Bought the +0 pair of fencer's gloves {Riposte Dex+3} for
                  | 480 gold pieces
  8714 | D:3      | Found the +0 pair of fencer's gloves {Riposte Dex+3}
  9065 | D:9      | Found Muokiet's Armour Boutique.
  9065 | D:9      | Found a staircase to the Orcish Mines.
  9114 | D:9      | Reached ***** piety under Uskayaw
  9198 | D:9      | Noticed a two-headed ogre
  9208 | D:9      | Killed a two-headed ogre
  9209 | D:9      | Reached skill level 14 in Ranged Weapons
  9250 | D:9      | Noticed Erica
  9276 | D:9      | Killed Erica
  9462 | D:9      | Reached skill level 5 in Invocations
  9795 | D:9      | Noticed Psyche
  9815 | D:9      | Killed Psyche
 10250 | D:10     | Entered Level 10 of the Dungeon
 10284 | D:10     | Noticed a centaur warrior
 10308 | D:10     | Killed a centaur warrior
 10309 | D:10     | Reached XP level 11. HP: 45/77 MP: 15/17
 10778 | D:10     | Reached skill level 10 in Invocations
 11438 | Lair:1   | Entered Level 1 of the Lair of Beasts
 11448 | Lair:1   | Reached skill level 5 in Fighting
 12165 | Lair:1   | Noticed a boulder beetle
 12181 | Lair:1   | Killed a boulder beetle
 12733 | Lair:2   | Found a staircase to the Snake Pit.
 12780 | Lair:2   | Reached XP level 12. HP: 80/104 MP: 15/19
 13146 | Lair:2   | Reached skill level 10 in Fighting
 13682 | Lair:3   | Identified the +5 scimitar "Pexipeco" {vorpal, rF- Int+2
                  | Dex+3}
 13808 | Lair:3   | Identified a scroll of acquirement
 13809 | Lair:3   | Acquired the +3 greatsling "Punk" {acid, rCorr}
 13809 | Lair:3   | Found the +3 greatsling "Punk" {acid, rCorr}
 13936 | Lair:3   | Reached skill level 1 in Shields
 13939 | Lair:3   | Reached skill level 5 in Dodging
 13942 | Lair:3   | Reached ****** piety under Uskayaw
 14377 | Lair:3   | Found a staircase to the Shoals.
 14656 | Lair:4   | Reached skill level 5 in Shields
 15002 | Lair:4   | Reached XP level 13. HP: 114/114 MP: 20/20
 15229 | Lair:5   | Entered Level 5 of the Lair of Beasts
 15551 | Lair:5   | Identified the +0 scale mail "Wepig" {Rampage Dex+4}
 15582 | Lair:5   | Found a staircase to the Slime Pits.
 16045 | Lair:5   | Identified the +1 scale mail of Raytz {rElec MP+9}
 16581 | D:11     | Found a runed translucent gate.
 16581 | D:11     | Found a runed translucent gate.
 16581 | D:11     | Found a runed translucent gate.
 16582 | D:11     | Noticed ma3's ghost (journeyman DjHW)
 16596 | D:11     | Identified the +4 scale mail of the Equinox {Will+ Str+5}
 17093 | D:12     | Noticed Nergalle
 17096 | D:12     | Killed Nergalle
 17145 | D:12     | Noticed Azrael
 17167 | D:12     | Killed Azrael
 17168 | D:12     | Reached skill level 10 in Dodging
 17732 | D:12     | Reached skill level 10 in Shields
 17732 | D:12     | Reached XP level 14. HP: 122/122 MP: 21/21
 18333 | D:13     | Found Odoweipp's Antique Weapon Shoppe.
 18392 | D:13     | Found a gate leading to a gauntlet.
 18399 | Gauntlet | Entered a Gauntlet
 18399 | Gauntlet | Found a transporter.
 18399 | Gauntlet | Found a transporter.
 18399 | Gauntlet | Found a transporter.
 18412 | Gauntlet | Found a transporter.
 18414 | Gauntlet | Found a transporter.
 18420 | Gauntlet | Found a transporter.
 18423 | Gauntlet | Found a transporter.
 18431 | Gauntlet | Found a transporter.
 18449 | Gauntlet | Found a transporter.
 18455 | Gauntlet | Found a transporter.
 18457 | Gauntlet | Found a transporter.
 18467 | Gauntlet | Found a transporter.
 19017 | Gauntlet | Identified the +1 helmet of the Great Game {+Blink rC+
                  | Will-}
 19043 | Gauntlet | Identified the +0 plate armour "Layst" {rCorr Str+6 Int-4
                  | Dex+4}
 19043 | Gauntlet | Identified the ring of the Monkey {Fire rCorr Str+2}
 19066 | Gauntlet | Got the Anthology of Transmigration and Dark Rituals
 19566 | D:13     | Found a gate to the Vaults.
 20045 | Orc:1    | Entered Level 1 of the Orcish Mines
 20045 | Orc:1    | Noticed Fannar
 20050 | Orc:1    | Killed Fannar
 20060 | Orc:1    | Noticed Erolcha
 20073 | Orc:1    | Killed Erolcha
 20242 | Orc:2    | Entered Level 2 of the Orcish Mines
 20263 | Orc:2    | Found a frozen archway.
 20284 | IceCv    | Entered an ice cave
 20495 | Orc:2    | Found a staircase to the Elven Halls.
 20649 | Orc:2    | Found Amanaum's Book Shoppe.
 20663 | Orc:2    | Found Dahucuock's Antique Weapon Boutique.
 20848 | Orc:2    | Reached skill level 15 in Shields
 20852 | Orc:2    | Found Sugh's Magic Scroll Shoppe.
 20852 | Orc:2    | Found Ogitauz's Armour Boutique.
 20908 | Orc:2    | Reached XP level 15. HP: 128/128 MP: 22/22
 21597 | Orc:2    | Bought a scroll of teleportation for 36 gold pieces
 21597 | Orc:2    | Bought a scroll of teleportation for 36 gold pieces
 21597 | Orc:2    | Bought a scroll of teleportation for 36 gold pieces
 21597 | Orc:2    | Bought a scroll of teleportation for 36 gold pieces
 21597 | Orc:2    | Bought a scroll of silence for 114 gold pieces
 21597 | Orc:2    | Bought a scroll of butterflies for 48 gold pieces
 21597 | Orc:2    | Bought a scroll of immolation for 48 gold pieces
 21605 | Orc:2    | Bought a scroll of identify for 24 gold pieces
 21605 | Orc:2    | Bought a scroll of identify for 24 gold pieces
 21605 | Orc:2    | Bought a scroll of identify for 24 gold pieces
 21605 | Orc:2    | Bought a scroll of identify for 24 gold pieces
 21777 | D:3      | Bought a book of Changes for 234 gold pieces
 21780 | D:3      | Learned a level 2 spell: Wereblood
 21802 | D:3      | Bought a scroll of poison for 56 gold pieces
 21802 | D:3      | Bought a scroll of fog for 56 gold pieces
 21802 | D:3      | Bought a scroll of teleportation for 42 gold pieces
 21802 | D:3      | Bought a scroll of butterflies for 56 gold pieces
 21802 | D:3      | Bought a scroll of blinking for 105 gold pieces
 21859 | D:3      | Bought a scroll of teleportation for 33 gold pieces
 21859 | D:3      | Bought a scroll of identify for 22 gold pieces
 21859 | D:3      | Bought a scroll of blinking for 82 gold pieces
 21859 | D:3      | Bought 3 scrolls of fog for 132 gold pieces
 21859 | D:3      | Bought a scroll of teleportation for 33 gold pieces
 21878 | D:3      | Bought a scroll of teleportation for 39 gold pieces
 21878 | D:3      | Bought a scroll of identify for 26 gold pieces
 21878 | D:3      | Bought a scroll of immolation for 52 gold pieces
 21878 | D:3      | Bought a scroll of fog for 52 gold pieces
 21878 | D:3      | Bought a scroll of teleportation for 39 gold pieces
 21940 | D:5      | Bought a potion of flight for 33 gold pieces
 21940 | D:5      | Bought a potion of ambrosia for 88 gold pieces
 22162 | D:14     | Reached skill level 1 in Transmutations
 22207 | D:14     | Noticed Nessos
 22211 | D:14     | Killed Nessos
 22695 | D:15     | Entered Level 15 of the Dungeon
 22874 | D:15     | Found an iron altar of Okawaru.
 22879 | D:15     | Identified the +9 ring mail of Tenacity {rF+}
 23326 | D:15     | Found a staircase to the Depths.
 23326 | D:15     | Noticed a frost giant
 23333 | D:15     | Killed a frost giant
 23531 | D:15     | Reached skill level 5 in Transmutations
 23801 | Snake:1  | Entered Level 1 of the Snake Pit
 23919 | Snake:1  | Reached skill level 5 in Spellcasting
 24044 | Snake:1  | Noticed Liforeniyw's ghost (adept MiBe)
 24529 | Snake:1  | Found a runed translucent gate.
 24529 | Snake:1  | Found a runed translucent gate.
 24530 | Snake:1  | Found a runed translucent gate.
 24574 | Snake:1  | Noticed a nagaraja
 24582 | Snake:1  | Killed a nagaraja
 25131 | Orc:2    | Bought a book of Unlife for 504 gold pieces
 25137 | Orc:2    | Learned a level 5 spell: Borgnjor's Vile Clutch
 25447 | Snake:2  | Reached skill level 1 in Necromancy
 25447 | Snake:2  | Reached skill level 1 in Earth Magic
 25734 | Snake:2  | Reached XP level 16. HP: 56/135 MP: 26/26
 26123 | Snake:3  | Reached skill level 5 in Necromancy
 26123 | Snake:3  | Reached skill level 5 in Earth Magic
 27081 | Shoals:1 | Entered Level 1 of the Shoals
 27211 | Shoals:1 | Identified the +10 long sword of Death's Door {venom,
                  | +Blink}
 27284 | Shoals:1 | Noticed Frances
 27531 | Elf:1    | Entered Level 1 of the Elven Halls
 28017 | Elf:1    | Noticed an Executioner
 28018 | Elf:1    | Noticed a Hell Sentinel
 28173 | Elf:1    | Found an ancient bone altar of Kikubaaqudgha.
 28216 | Elf:1    | Reached XP level 17. HP: 134/141 MP: 27/27
 28362 | Elf:1    | Got the Dissertation on Companions
 28958 | Elf:2    | Found a crumbling gateway.
 28962 | Desolati | Entered the Desolation of Salt
 29050 | Desolati | Reached skill level 10 in Necromancy
 29050 | Desolati | Reached skill level 10 in Earth Magic
 29593 | Desolati | Identified the ring of Ismapov {Int+2 Dex+6}
 29929 | Desolati | Identified the +1 buckler of the Hanged Man {Dex+8}
 29987 | Desolati | Identified the ring "Ovof" {Fly Dex+6}
 30065 | Desolati | Reached skill level 1 in Polearms
 30212 | Desolati | Identified the +1 cloak of the Leaping Gods {rPois Dex+4}
 30298 | Desolati | Identified the +0 chain mail of the Accordion {Contam rN+
                  | Will- Dex+10}
 30331 | Desolati | Got Sif Muna's Vellum of Guile and the Snowflakes
 30340 | Desolati | Got the Catalogue of Metal and Wanderlust
 30599 | Elf:2    | Reached skill level 5 in Polearms
 30755 | Elf:2    | Reached XP level 18. HP: 149/149 MP: 28/28
 30779 | Elf:2    | Paralysed by an air elemental for 1 turns
 31061 | Elf:2    | Paralysed by an air elemental for 1 turns
 31065 | Elf:2    | Paralysed by an air elemental for 1 turns
 31440 | Elf:2    | Got Muphul's Textbook on Clouds
 31603 | Elf:2    | Found a runed translucent gate.
 31604 | Elf:2    | Found a runed translucent gate.
 31604 | Elf:2    | Found a runed translucent gate.
 32279 | Lair:3   | Killed Frances
 32322 | Shoals:1 | Reached skill level 10 in Polearms
 32332 | Shoals:1 | Found Doepusuff's Antique Armour Boutique.
 32527 | Shoals:1 | Noticed a tentacled monstrosity
 32533 | Shoals:1 | Killed a tentacled monstrosity
 32546 | Shoals:1 | Got the Tome of Mad Ravings
 32548 | Shoals:1 | Identified the ring of Jan Axof {rC+ rN+ Will+}
 33061 | Shoals:2 | Noticed Zeitzeh's ghost (adept GnFi)
 33125 | Shoals:2 | Identified the +1 animal skin of Evolution {Rampage rC+++}
 33237 | Shoals:2 | Found Bexo's Weapon Shoppe.
 33429 | Shoals:2 | Noticed Ilsuiw
 33457 | Shoals:2 | Killed Ilsuiw
 33542 | Shoals:2 | Found a transporter.
 33612 | Shoals:2 | Found a transporter.
 33625 | Shoals:2 | Identified the +8 trident of Anguish {vamp, rF+ Int+3}
 34615 | Shoals:4 | Entered Level 4 of the Shoals
 34633 | Shoals:4 | Noticed Kirke
 34790 | Snake:4  | Entered Level 4 of the Snake Pit
 35142 | Snake:4  | Reached XP level 19. HP: 163/163 MP: 29/29
 35902 | Snake:4  | Got a serpentine rune of Zot
 36269 | Shoals:4 | Killed Kirke
 36343 | Shoals:4 | Reached skill level 15 in Fighting
 36605 | Shoals:4 | Identified the +5 long sword "Veascha Meneg" {holy, rPois
                  | Dex+3 Stlth+}
 36648 | Shoals:4 | Got a barnacled rune of Zot
 37415 | Vaults:1 | Entered Level 1 of the Vaults
 37638 | Elf:2    | Learned a level 3 spell: Portal Projectile
 37665 | Elf:3    | Entered Level 3 of the Elven Halls
 37685 | Elf:3    | Reached skill level 1 in Translocations
 38112 | Elf:3    | Found Deen's Antique Armour Shop.
 38214 | Elf:3    | Paralysed by an air elemental for 1 turns
 38866 | Elf:3    | Identified the +8 flail "Komysix" {drain, rF+ SInv Stlth+}
 39073 | Elf:3    | Reached XP level 20. HP: 172/178 MP: 33/33
 39091 | Elf:3    | Reached skill level 10 in Spellcasting
 39402 | Elf:3    | Identified the +2 short sword "Zoiddoes" {vorpal, rElec
                  | rPois Str+3}
 39599 | Elf:3    | Identified the ring of Senempoz {rC+ Str+5 Int+6}
 39648 | Elf:3    | Identified the amulet "Vorer" {rElec Regen+ rCorr Stlth+}
 39672 | Elf:3    | Identified the +0 pair of gloves of Resilience {Dex+3 SInv}
 39699 | Elf:3    | Identified the +4 scimitar "Koper" {spect, rPois Dex+3
                  | SInv}
 39701 | Elf:3    | Identified the ring "Woguuzyr" {rF- Str+6 Dex+4 SInv}
 39725 | Elf:3    | Identified the +3 flail of Crusades {vorpal, Int+7}
 39732 | Elf:3    | Identified the ring of Lant {Wiz Will+ rCorr}
 39809 | Elf:3    | Identified the +6 rapier of Embarrassment {freeze, rC+
                  | rCorr Str-2}
 40377 | Vaults:1 | Identified the +5 morningstar "Miociz" {chaos, rElec Will+
                  | Str+3 Int+2}
 40799 | Vaults:1 | Found Lyajys's Armour Emporium.
 40799 | Vaults:1 | Identified the +0 buckler of Oblivion {Int+2}
 41507 | Vaults:2 | Found a transporter.
 41507 | Vaults:2 | Noticed ma3's ghost (adept DjHW)
 41508 | Vaults:2 | Found a transporter.
 41511 | Vaults:2 | Identified the +5 great mace of Crystal {flame, rPois rC-
                  | Will+}
 41519 | Vaults:2 | Identified the +3 long sword of Hutacun {venom, rF+ rN+
                  | Int-5}
 42701 | Vaults:3 | Found Qaxtuamm's Antique Weapon Shoppe.
 42903 | Vaults:3 | Reached skill level 15 in Invocations
 43056 | Vaults:3 | Reached XP level 21. HP: 150/184 MP: 37/37
 43335 | Vaults:3 | Reached skill level 15 in Ranged Weapons
 43431 | Vaults:3 | Acquired 914 gold pieces
 43444 | Vaults:3 | Found a staircase to the Crypt.
 43774 | Vaults:4 | Found a magical portal.
 43782 | WizLab   | Entered Lehudib's Moon Base
 43888 | WizLab   | Reached skill level 16 in Ranged Weapons
 44070 | WizLab   | Found a transporter.
 44360 | WizLab   | Found a transporter.
 44610 | WizLab   | Reached skill level 17 in Ranged Weapons
 44894 | WizLab   | Got Lehudib's Guidebook on Mutagenic Clay
 44924 | WizLab   | Identified the amulet "Vuqyhoicw" {Spirit Rampage *Corrode
                  | rN+ Will+}
 44926 | WizLab   | Identified the ring of Past Mistakes {rPois rC+ Str-5
                  | Int+2}
 45661 | Vaults:4 | Found Xutoirr's Antique Armour Shoppe.
 45854 | Vaults:4 | Reached skill level 18 in Ranged Weapons
 45902 | Vaults:4 | Reached XP level 22. HP: 167/192 MP: 38/38
 46261 | Crypt:1  | Entered Level 1 of the Crypt
 46749 | Crypt:1  | Reached skill level 19 in Ranged Weapons
 47012 | Crypt:1  | Noticed an ancient lich
 47037 | Crypt:1  | Killed an ancient lich
 47604 | Crypt:1  | Reached skill level 20 in Ranged Weapons
 47716 | Crypt:1  | Got the Compilation of the Mausoleum
 48651 | Crypt:3  | Entered Level 3 of the Crypt
 49263 | Crypt:3  | Reached skill level 21 in Ranged Weapons
 49448 | Crypt:3  | Noticed an ancient lich
 49735 | Crypt:3  | Reached XP level 23. HP: 184/187 MP: 39/39
 49889 | Crypt:3  | Found a staircase to the Tomb.
 49889 | Crypt:3  | Noticed a royal mummy
 50063 | Crypt:3  | Noticed an ancient lich
 50083 | Crypt:3  | Killed an ancient lich
 50090 | Crypt:3  | Killed an ancient lich
 50192 | Crypt:3  | Identified the +0 plate armour "Igeikk" {Int+2}
 50272 | Crypt:3  | Found an ancient bone altar of Kikubaaqudgha.
 50356 | Crypt:3  | Reached skill level 22 in Ranged Weapons
 50570 | Crypt:3  | Killed a royal mummy
 50675 | Crypt:3  | Identified the amulet of Seuhid {rPois Will+ Regen+ rCorr
                  | Int-3}
 50675 | Crypt:3  | Identified the ring "Podi" {+Blink rF- rN+ Int+4 SInv}
 50675 | Crypt:3  | Identified the ring "Zatyv" {Fly rF++ rN+ Str-4 Int+4}
 51575 | Depths:1 | Entered Level 1 of the Depths
 51883 | Depths:1 | Found a gateway to Hell.
 52065 | Depths:1 | Found a runed translucent door.
 52066 | Depths:1 | Found a runed translucent door.
 52110 | Depths:1 | Found a burning altar of Makhleb.
 52128 | Depths:1 | Paralysed by a floating eye for 4 turns
 52300 | Depths:1 | Found Makka's Pet Rocks.
 52346 | Depths:1 | Bought a wand of digging (5) for 315 gold pieces
 52354 | Depths:1 | Identified the +2 ring mail of Lust {rElec rF+ Str+5}
 52481 | Depths:1 | Found a one-way gate to the infinite horrors of the Abyss.
 52896 | Depths:1 | Identified the ring "Onanus" {rPois rC+}
 52982 | Depths:1 | Identified the +0 robe "Valoj" {Fly rElec Int+3}
 53446 | Depths:2 | Found a runed translucent door.
 53515 | Depths:2 | Found a runed translucent door.
 53978 | Depths:2 | Found a one-way gate leading to the halls of Pandemonium.
 53978 | Depths:2 | Gained mutation: Your spells are a little easier to cast,
                  | but a little less powerful. [a neqoxec]
 54121 | Depths:2 | Reached XP level 24. HP: 188/221 MP: 21/39
 54550 | Depths:2 | Found the +2 shield of Resistance {rF++ rC++ Will++}
 54622 | Depths:2 | Identified the +12 crystal plate armour of the Monk {Regen+
                  | Dex+2}
 54788 | Depths:3 | Noticed Frederick
 54796 | Depths:3 | Killed Frederick
 54808 | Depths:3 | Found a shimmering altar of Xom.
 54947 | Depths:3 | Identified the ring "Loibammo" {rF+ rC++ rN++ Dex-3}
 55085 | Depths:3 | Found a shimmering blue altar of Sif Muna.
 55172 | Depths:3 | Noticed Margery
 55190 | Depths:3 | Killed Margery
 55406 | Depths:3 | Found a stormy altar of Qazlal.
 55776 | Depths:3 | Identified the ring of the Divine God {Drain rPois Str+9
                  | Dex+5}
 55926 | Depths:3 | Identified the ring "Idum Ira" {rF+ Str+5 Int+2}
 56032 | Depths:3 | Found a transporter.
 56102 | Depths:3 | Identified the ring of the Jackalope {Str+4 Dex+6}
 56338 | Depths:3 | Found a transporter.
 56391 | Depths:4 | Entered Level 4 of the Depths
 57414 | Depths:4 | Found a gate to the Realm of Zot.
 57700 | Depths:4 | Found a one-way gateway to a ziggurat.
 57703 | Depths:4 | Noticed an ancient lich
 57712 | Depths:4 | Killed an ancient lich
 57886 | Depths:4 | Reached XP level 25. HP: 231/231 MP: 39/39
 58308 | Slime:1  | Entered Level 1 of the Pits of Slime
 60335 | Slime:5  | Entered Level 5 of the Pits of Slime
 60453 | Slime:5  | Noticed the Royal Jelly
 60469 | Slime:5  | Killed the Royal Jelly
 60626 | Slime:5  | Found the ring of the Hare {EV+8}
 60642 | Slime:5  | Acquired the +4 hand crossbow of Paper {penet, Str+7 Int-3}
 60694 | Slime:5  | Identified the +6 whip "Dagi" {vamp, *Corrode Fly Int+2
                  | Stlth+}
 60709 | Slime:5  | Got the Octavo of the Frore Nimbus
 60712 | Slime:5  | Identified the +10 falchion of Tenacity {vorpal, rPois rC+}
 60723 | Slime:5  | Reached skill level 15 in Dodging
 60726 | Slime:5  | Got The Lost Encyclopedia of Sif Muna
 60728 | Slime:5  | Got the Compilation of Unclean Changing
 60735 | Slime:5  | Got a slimy rune of Zot
 60748 | Slime:5  | Identified the +1 scale mail of the Modern Villages {-Cast
                  | +Blink Str+10}
 60776 | Slime:5  | Got Sif Muna's Tome of Summoning
 60803 | Slime:5  | Identified the +0 ring mail "Ykkodoti" {-Tele rCorr Dex+6}
 61182 | Slime:5  | I leave this acid sling in honour of Jiyva
 61670 | Vaults:5 | Entered Level 5 of the Vaults
 61672 | Vaults:5 | Noticed a dread lich
 61991 | Vaults:5 | Identified the +6 morningstar of Fear {spect, Contam Will+
                  | SInv}
 62014 | Vaults:5 | Noticed an ancient lich
 62028 | Vaults:5 | Killed an ancient lich
 62290 | Vaults:5 | Identified the +6 morningstar "Doumoef" {drain, rF- rN+
                  | Str+3}
 62332 | Vaults:5 | Identified the +6 great mace "Vufeinol" {venom, rC+ Will-
                  | Stlth+}
 62341 | Vaults:5 | Noticed Saint Roka
 62348 | Vaults:5 | Killed Saint Roka
 62349 | Vaults:5 | Reached XP level 26. HP: 171/239 MP: 31/39
 62381 | Vaults:5 | Identified the ring "Milyim" {*Slow rElec rC++ rCorr
                  | Slay+5}
 62398 | Vaults:5 | Identified the +0 plate armour of Tichuhuumn {Rampage rN+++
                  | Str-2 Dex-2}
 62578 | Vaults:5 | Identified the +4 battleaxe "Piybarch" {drain, *Rage Fly
                  | rF+ rN+}
 62678 | Vaults:5 | Found Dini Xifong's General Store.
 62678 | Vaults:5 | Identified the ring "Beilum" {rF+ rN+ Int+3 Dex+2}
 62690 | Vaults:5 | Bought a potion of curing for 45 gold pieces
 62707 | Vaults:5 | Killed a dread lich
 62754 | Vaults:5 | Noticed an ancient lich
 62767 | Vaults:5 | Killed an ancient lich
 62869 | Vaults:5 | Got a silver rune of Zot
 62942 | Vaults:5 | Found Weoj's Magic Scroll Boutique.
 62950 | Vaults:5 | Bought a scroll of poison for 88 gold pieces
 62950 | Vaults:5 | Bought a scroll of teleportation for 66 gold pieces
 62950 | Vaults:5 | Bought 3 scrolls of teleportation for 198 gold pieces
 62950 | Vaults:5 | Bought a scroll of magic mapping for 165 gold pieces
 62950 | Vaults:5 | Bought a scroll of silence for 209 gold pieces
 63689 | Depths:1 | Voluntarily entered the Abyss.
 63816 | Abyss:2  | Found a corrupted altar of Lugonu.
 64269 | Abyss:3  | Gained mutation: You are dopey. (Int -2) [a cacodemon]
 64270 | Abyss:3  | Gained mutation: You occasionally lose the ability to read
                  | scrolls when taking damage. [a cacodemon]
 64271 | Abyss:3  | Gained mutation: You occasionally lose the ability to drink
                  | potions when taking damage. [a cacodemon]
 64289 | Abyss:3  | Gained mutation: You are frail. (-10% HP) [a cacodemon]
 64399 | Abyss:3  | Got an abyssal rune of Zot
 64408 | Depths:1 | Escaped the Abyss
 64511 | Depths:1 | Lost mutation: You occasionally lose the ability to read
                  | scrolls when taking damage. [potion of mutation]
 64511 | Depths:1 | Lost mutation: Your spells are a little easier to cast, but
                  | a little less powerful. [potion of mutation]
 64511 | Depths:1 | Lost mutation: You are dopey. (Int -2) [potion of mutation]
 64511 | Depths:1 | Gained mutation: You occasionally lose the ability to read
                  | scrolls when taking damage. [potion of mutation]
 64511 | Depths:1 | Gained mutation: Your flesh is very heat resistant. (rF++)
                  | [potion of mutation]
 64512 | Depths:1 | Lost mutation: You occasionally lose the ability to drink
                  | potions when taking damage. [potion of mutation]
 64512 | Depths:1 | Lost mutation: You are frail. (-10% HP) [potion of
                  | mutation]
 64512 | Depths:1 | Gained mutation: You are clumsy. (Dex -2) [potion of
                  | mutation]
 64512 | Depths:1 | Gained mutation: You have supernaturally acute eyesight.
                  | (SInv) [potion of mutation]
 64513 | Depths:1 | Lost mutation: You are clumsy. (Dex -2) [potion of
                  | mutation]
 64513 | Depths:1 | Lost mutation: You have supernaturally acute eyesight.
                  | (SInv) [potion of mutation]
 64513 | Depths:1 | Lost mutation: Your flesh is very heat resistant. (rF++)
                  | [potion of mutation]
 64513 | Depths:1 | Gained mutation: Your tail ends in a venomous barb. [potion
                  | of mutation]
 64513 | Depths:1 | Gained mutation: Your flesh is very heat resistant. (rF++)
                  | [potion of mutation]
 64513 | Depths:1 | Gained mutation: Your large and strong wings let you fly.
                  | [potion of mutation]
 64514 | Depths:1 | Lost mutation: You occasionally lose the ability to read
                  | scrolls when taking damage. [potion of mutation]
 64514 | Depths:1 | Lost mutation: Your flesh is very heat resistant. (rF++)
                  | [potion of mutation]
 64514 | Depths:1 | Gained mutation: You are robust. (+10% HP) [potion of
                  | mutation]
 64514 | Depths:1 | Gained mutation: You have a pair of small horns on your
                  | head. [potion of mutation]
 64651 | Zot:1    | Entered Level 1 of the Realm of Zot
 65667 | Zot:1    | Reached XP level 27. HP: 269/270 MP: 39/39
 65832 | Zot:1    | Reached skill level 1 in Stealth
 66013 | Zot:2    | You are sucked into a shaft and drop 1 floor!
 67129 | Zot:2    | Reached skill level 23 in Ranged Weapons
 67571 | Zot:3    | Noticed an ancient lich
 67580 | Zot:3    | Killed an ancient lich
 67581 | Zot:3    | Reached skill level 24 in Ranged Weapons
 67855 | Zot:3    | Identified the ring of Vugim {rElec Str+3 Dex+6}
 68684 | Zot:4    | Reached skill level 25 in Ranged Weapons
 69091 | Zot:4    | Identified the ring "Womuoty" {Ice Fly Str+2}
 69091 | Zot:4    | Noticed Josephina
 69100 | Zot:4    | Killed Josephina
 69233 | Zot:5    | Entered Level 5 of the Realm of Zot
 69355 | Zot:5    | Noticed an orb of fire
 69364 | Zot:5    | Gained mutation: Your magical capacity is low. (-10% MP)
                  | [an orb of fire]
 69367 | Zot:5    | Noticed an ancient lich
 69368 | Zot:5    | Noticed an ancient lich
 69368 | Zot:5    | Noticed an ancient lich
 69368 | Zot:5    | Noticed an orb of fire
 69368 | Zot:5    | Noticed an ancient lich
 69682 | Zot:5    | Lost mutation: You are robust. (+10% HP) [an orb of fire]
 69693 | Zot:5    | Killed an orb of fire
 69750 | Zot:5    | Killed an ancient lich
 69922 | Zot:5    | Killed an orb of fire
 69922 | Zot:5    | Noticed a dread lich
 69924 | Zot:5    | Killed a dread lich
 69925 | Zot:5    | Reached skill level 26 in Ranged Weapons
 69926 | Zot:5    | Noticed a dread lich
 69928 | Zot:5    | Killed an ancient lich
 69928 | Zot:5    | Killed an ancient lich
 69943 | Zot:5    | Killed a dread lich
 69981 | Zot:5    | Killed an ancient lich
 70247 | Zot:5    | Reached skill level 27 in Ranged Weapons
 70570 | Zot:5    | Noticed a dread lich
 70587 | Zot:5    | Killed a dread lich
 70627 | Zot:5    | Got the Orb of Zot
 71121 | D:8      | Noticed Qokuafe the pandemonium lord
 71432 | D:8      | Killed Qokuafe the pandemonium lord
 71445 | D:8      | Noticed Seto the pandemonium lord
 71635 | D:$      | Escaped with the Orb!

Illustrated notes

.................................
...........####.#####............
..........##[##..##"##...........
.........##?..##.#)?.##..........
........##.}.##..##=..##.........
.......##.).[......[.}.##........
.......##..........(:.)##........
.......###!..)=...)...###........
.......####.....@....####........
.........#............#..........
.......#........).......#........
.......####..........####........
.......###.).=....}..)###........
.......##[))........|.[##........
.......##.[)[......)[}.##........
........##)..##..##.:(##.........
.........##)).##.#?..##..........


Turn 61182 on Slime:5: I leave this acid sling in honour of Jiyva

Levels and vault maps discovered:
D:1:      dpeg_arrival_radiant, layout_basic, minmay_misc_feat_five,
          minmay_misc_feat_roman, minmay_quantized
D:2:      layout_basic
D:3:      layout_loops_ring, serial_shops, shop, shop, nicolae_shop_statue_plus,
          shop, nicolae_square_shop, grunt_ministairs_6, uniq_terence
D:4:      layout_layer_cave, nicolae_ossuary_entry_plus
D:5:      layout_cave_pools, mainiacjoe_overflow_tiny_flanked, xom_teletrap_fun,
          mainiacjoe_overflow_large_starburst, grunt_ministairs_5,
          supply_closet_lemuel, minmay_shop_grid_forest
D:6:      layout_rooms
D:7:      layout_gridville, minmay_temple_entry_stoned_glass,
          gammafunk_ghost_wrathful_warriors
D:8:      layout_rooms, dpeg_oklobed_lair, nicolae_shop_dragon_depot, uniq_grum
D:9:      layout_loops_corners, orc_david_3, uniq_erica, uniq_psyche
D:10:     layout_cross, grunt_decor_resistance, kennysheep_generic_room_6
D:11:     layout_basic, gammafunk_ghost_necromancy
D:12:     minmay_opposing_rooms, layout_basic, minivault_23,
          eino_house_with_fridge, uniq_azrael, uniq_nergalle
D:13:     layout_irregular_city, ximxim_vaults_locker_room, serial_shops,
          kennysheep_little_box, gauntlet_entry_generic
D:14:     layout_loops_ring, serial_park_square2, uniq_nessos
D:15:     grunt_enter_depths_snipers, layout_irregular_city,
          chequers_serial_rivers_large_a, okawaru_gym_becter
Temple:   nicolae_temple_bog_church
Lair:1:   layout_cave_pods, chequers_serial_rivers_micro_d, grunt_megastairs_5,
          serial_bayou_shore_b
Lair:2:   beast_lair_carwin_large_3, layout_long_grid, dummy_snake_entry
Lair:3:   layout_roguey, minmay_shoals_entry_hut
Lair:4:   layout_small_grid
Lair:5:   minmay_lair_end_enchanted_forest, layout_loops_ring, slime_entry_1,
          lemuel_fruit_tree
Shoals:1: dreamdust_from_the_deep, layout_shoals, serial_shops,
          nicolae_shop_overgrown_old_shop, uniq_frances
Shoals:2: argonaut_golden_fleece, layout_shoals, gammafunk_ghost_arena,
          serial_shops, nicolae_shop_stone, uniq_ilsuiw
Shoals:3: layout_shoals, nicolae_shoals_loop_pool
Shoals:4: shoals_end_hellmonk_lost_city, uniq_kirke
Snake:1:  layout_onion_interference, gammafunk_ghost_split
Snake:2:  layout_concentric_octagons, minmay_snake_pond
Snake:3:  layout_basic
Snake:4:  hellmonk_snake_rune_quicksilver_temple, layout_misc_corridors,
          nicolae_snake_shapes
Slime:1:  layout_caves
Slime:2:  cheibrodos_slime_lost_civilization_2, layout_caves,
          nicolae_slime_barrier
Slime:3:  layout_caves
Slime:4:  layout_caves
Slime:5
Orc:1:    layout_caves, uniq_erolcha, uniq_fannar
Orc:2:    st_orc_town, layout_caves, portal_ice_cave_entry_ice_simulacra
Elf:1:    nicolae_elf_arrival_aired_out, layout_loops_corners, basic_altar,
          minmay_elf_demonology, dk_noncrumbling_2
Elf:2:    nicolae_elf_blades_crystal_corner, layout_onion_city,
          portal_desolation_entry_nicolae_forbidding_blocks,
          serial_sigils_hangedman_snap, hangedman_research_electronics
Elf:3:    minmay_elf_hall, layout_gridlike, serial_shops, shop, st_stairs_3
Vaults:1: ontoclasm_vaults_claustrophobia, hangedman_vaults_locks,
          ontoclasm_vaults_hangar, vaults_room_hallway, vaults_room_hallway,
          v_misc_18, nicolae_vaults_know_your_exits, v_misc_5, v_misc_29,
          v_misc_8, v_misc_14, grunt_vaults_hallway_long, ontoclasm_vaults_chip,
          layout_vaults_maze_snakey, serial_shops, nicolae_diamond_shop
Vaults:2: gammafunk_ghost_smash, nicolae_vaults_angled_halls, v_misc_1,
          nicolae_vaults_little_squares_4, vaults_room_grid,
          nicolae_vaults_network_barrier, vaults_mumra_hex,
          nicolae_vaults_little_squares_2, hangedman_vaults_restitches,
          vaults_room_pool, layout_vaults_ring
Vaults:3: hangedman_vaults_slice, minmay_crypt_entry_simple_plaza,
          v_alt_pattern_6, nicolae_vaults_angled_halls, v_rooms_3,
          ontoclasm_vaults_bender, ontoclasm_vaults_twist, vaults_mumra_chevron,
          v_misc_22, layout_vaults_omnibox, serial_shops, shop
Vaults:4: mu_enter_wizlab_6, v_misc_14, v_alt_pattern_4, v_pattern_2,
          nicolae_vaults_windows_and_doors_thing, vaults_room_corners,
          nicolae_vaults_alarming, hangedman_vaults_capsules, serial_ice_g,
          layout_vaults_omnigrid, serial_shops, shop
Vaults:5: uniq_saint_roka
Crypt:1:  layout_basic, special_room [special_room_morgue],
          nrook_guardian_serpent_ordinary
Crypt:2:  layout_chaotic_city
Crypt:3:  evilmike_haunted_forest
Depths:1: minmay_the_grid_triangle_9x9_rhombus_full_mashed
          [minmay_the_grid_triangle_9x9_dagger,
          minmay_the_grid_triangle_9x9_alien,
          minmay_the_grid_triangle_9x9_odd_lines,
          minmay_the_grid_triangle_9x9_tough_junction,
          minmay_the_grid_triangle_9x9_corruption,
          minmay_the_grid_triangle_9x9_shrine,
          minmay_the_grid_triangle_9x9_semitri,
          minmay_the_grid_triangle_9x9_prize_insulated], layout_honeycomb,
          abyss_entry, hellmouth_3, minmay_misc_feat_more_columns, st_stairs_1,
          guppyfry_shop_earth
Depths:2: minmay_expanding_circles, layout_gridville, lightli_too_deep,
          grunt_pan_entry_sceptre, small_statue_intersection,
          minmay_staircase_bubble, grunt_megastairs_3
Depths:3: hangedman_spin_cycle, abyss_entry, hell_entry, uniq_frederick
Depths:4: evilmike_zot_entry_gauntlet, layout_gridlike, enter_ziggurat_d,
          hangedman_tar_grid_catacomb, marbit_kobold_abyss_entry
Zot:1:    lemuel_halls_of_wrath, layout_onion_interference, zot_minivault_7
Zot:2:    layout_onion
Zot:3:    grunt_deathspiral_small, layout_onion_interference,
          st_single_dragon_hoard_4
Zot:4:    layout_basic, grunt_megastairs_2, uniq_josephina
Zot:5:    layout_concentric_octagons

Skill      XL: |  1  2  3  4  5  6  7  8  9 10 11 12 13 14 15 16 17 18 19 20 21 22 23 24 25 26 27 |
---------------+----------------------------------------------------------------------------------+-----
Ranged Weapons | 2 3 5 7 8 10 13 14 18 21 22 27 | 27.0
Invocations    | 8 10 15 18 20 | 20.0
Fighting       | 9 10 13 15 19 20 22 | 22.0
Dodging        | 7 10 12 17 20 | 20.0
Shields        | 5 10 15 19 20 | 20.0
Transmutations | 7 |  7.4
Spellcasting   | 6 9 12 | 12.0
Necromancy     | 3 9 11 | 11.6
Earth Magic    | 3 9 11 | 11.6
Polearms       | 7 12 | 12.0
Translocations | 2 |  2.5
Hexes          | 3 |  3.2
Stealth        | 4 |  4.7

Action                   |  1- 3 |  4- 6 |  7- 9 | 10-12 | 13-15 | 16-18 | 19-21 | 22-24 | 25-27 || total
-------------------------+-------+-------+-------+-------+-------+-------+-------+-------+-------++-------
Melee: Sling             |       |       |     1 |       |       |       |       |       |       ||     1
       Lance             |       |       |       |       |       |    17 |    61 |   146 |    32 ||   256
       Tailslap          |       |       |       |       |       |    11 |    21 |    44 |     8 ||    84
       Headbutt          |       |       |       |       |       |       |       |       |     1 ||     1
 Fire: Sling             |   178 |   341 |   468 |   314 |       |       |       |       |       ||  1301
       Shortbow          |       |       |       |   307 |       |       |       |       |       ||   307
       Greatsling        |       |       |       |   184 |  1229 |  1727 |  2083 |  2470 |   481 ||  8174
       Hand crossbow     |       |       |       |       |       |       |       |       |  2636 ||  2636
 Cast: Slow              |       |     6 |     2 |       |       |       |       |       |       ||     8
       Apportation       |       |     1 |       |       |       |     1 |       |     1 |    32 ||    35
       Wereblood         |       |       |       |       |     1 |     3 |     1 |       |     3 ||     8
       Borgnjor's Vile C |       |       |       |       |       |     2 |    11 |   112 |    49 ||   174
       Portal Projectile |       |       |       |       |       |       |     2 |    12 |     4 ||    18
Invok: Stomp             |       |       |       |    31 |    33 |    31 |    13 |     4 |     7 ||   119
       Line Pass         |       |       |       |     1 |     1 |     5 |     3 |     3 |     2 ||    15
       Grand Finale      |       |       |       |       |     2 |    10 |     3 |     1 |     5 ||    21
 Abil: Breathe Fire      |       |       |    30 |    39 |    18 |    20 |    34 |    32 |     3 ||   176
Evoke: Wand              |       |     5 |     5 |     1 |     1 |     4 |       |     2 |     7 ||    25
       Condenser vane    |       |       |       |       |     1 |     1 |       |     1 |       ||     3
  Use: Scroll            |       |    14 |     5 |     6 |    19 |    15 |     6 |     8 |    30 ||   103
       Potion            |       |     4 |       |       |       |     6 |     2 |       |    10 ||    22
 Stab: Paralysed         |       |       |       |       |       |     2 |     5 |    26 |     2 ||    35
       Confused          |       |       |       |       |       |       |     2 |       |       ||     2
Armor: Skin              |    41 |    68 |   163 |   141 |    69 |    63 |    96 |   208 |   250 ||  1099
Dodge: Dodged            |    68 |   105 |   169 |   205 |   172 |   328 |   350 |   601 |  1915 ||  3913
       Repelled          |       |       |       |       |     3 |     9 |       |       |       ||    12
Block: Tower shield      |       |       |       |    19 |   507 |   982 |  1177 |  1244 |       ||  3929
       Kite shield       |       |       |       |     2 |       |       |       |   274 |  1845 ||  2121
       Rpst.: Lance      |       |       |       |       |       |     8 |     6 |       |       ||    14

Table legend: (Time is in decaauts)
 A = Elapsed time spent in this place.
 B = Non-inter-level travel time spent in this place.
 C = Inter-level travel time spent in this place.
 D = Time resting spent in this place.
 E = Time spent auto-exploring this place.
 F = Levels seen in this place.
 G = Mean time per level.
                   A        B        C        D        E       F      G
               +--------+--------+--------+--------+--------+-----+--------+
         Total |  70823 |  63471 |   7352 |   9167 |  31973 |  64 | 1106.6 |
       Dungeon |  17454 |  14489 |   2965 |   2692 |   8647 |  15 | 1163.6 |
        Temple |    311 |    296 |     15 |     66 |    160 |   1 |  311.0 |
          Lair |   6117 |   5133 |    984 |    447 |   3523 |   5 | 1223.4 |
        Shoals |   3666 |   3359 |    307 |    268 |   2120 |   4 |  916.5 |
     Snake Pit |   4163 |   3851 |    312 |    567 |   2300 |   4 | 1040.8 |
    Slime Pits |   2859 |   2493 |    366 |    197 |   1551 |   5 |  571.8 |
  Orcish Mines |   1642 |   1232 |    410 |      0 |    688 |   2 |  821.0 |
   Elven Halls |   5168 |   4823 |    345 |   1250 |   1431 |   3 | 1722.7 |
        Vaults |   6838 |   6350 |    488 |    278 |   3643 |   5 | 1367.6 |
         Crypt |   4962 |   4757 |    205 |    648 |   2034 |   3 | 1654.0 |
        Depths |   6874 |   6335 |    539 |   1333 |   2857 |   4 | 1718.5 |
           Zot |   5906 |   5497 |    409 |    761 |   2059 |   5 | 1181.2 |
         Abyss |    733 |    733 |      0 |      0 |     20 |   3 |  244.3 |
       Ossuary |    446 |    446 |      0 |    147 |      0 |   1 |  446.0 |
      Ice Cave |    195 |    195 |      0 |     11 |      0 |   1 |  195.0 |
        Wizlab |   1144 |   1144 |      0 |     37 |    589 |   1 | 1144.0 |
    Desolation |   1560 |   1560 |      0 |    186 |    134 |   1 | 1560.0 |
      Gauntlet |    778 |    778 |      0 |    274 |    215 |   1 |  778.0 |
               +--------+--------+--------+--------+--------+-----+--------+

Top non-repeatable levels by time:
 Crypt:3: 2643 daAuts
   Elf:3: 2061 daAuts
Depths:4: 1946 daAuts
Depths:1: 1839 daAuts
Vaults:5: 1805 daAuts
   Elf:2: 1735 daAuts
    D:12: 1683 daAuts
     D:4: 1634 daAuts
     D:8: 1629 daAuts
Depths:3: 1609 daAuts
Desolation: 1560 daAuts
  Lair:3: 1493 daAuts
Depths:2: 1479 daAuts
  Lair:1: 1469 daAuts
     D:9: 1428 daAuts
